 Dungeon Crawl Stone Soup version 0.19-a0-1879-gd95bc26 (webtiles) character file.

2947 Dekamerus the Covert (level 9, -1/45 HPs)
             Began as a Spriggan Assassin on Oct 14, 2016.
             Was a Priest of Okawaru.
             Slain by a killer bee (9 damage)
             ... on level 8 of the Dungeon.
             The game lasted 00:25:50 (10501 turns).

Dekamerus the Covert (Spriggan Assassin)           Turns: 10501, Time: 00:25:51

Health: -1/45      AC:  4    Str:  7    XL:     9   Next: 51%
Magic:  10/10      EV: 12    Int: 13    God:    Okawaru [***...]
Gold:   390        SH:  0    Dex: 20    Spells: 1 memorised, 6 levels left

rFire  + . .     SeeInvis +     i - +4 short sword
rCold  . . .     Gourm    .     r - +1 robe "Huarios" {MR+}
rNeg   . . .     Faith    +     (shield restricted)
rPois  .         Spirit   .     (helmet restricted)
rElec  .         Dismiss  .     x - +0 cloak {MR+}
rCorr  .         Reflect  .     (gloves unavailable)
MR     +++..     Harm     .     (boots unavailable)
Stlth  ++........               m - amulet of faith
                                (no ring)
                                p - ring of protection from fire

@: confused, lethally poisoned (-1 -> -15), held, very quick
A: unfitting armour, see invisible, herbivore 3, speed 3, slow metabolism 2
a: Heroism, Renounce Religion


You were on level 8 of the Dungeon.
You worshipped Okawaru.
Okawaru was most pleased with you.
You were not hungry.

You visited 2 branches of the dungeon, and saw 9 of its levels.

You collected 390 gold pieces.

Inventory:

Hand Weapons
 a - a +2 dagger
 b - a +4 blowgun
 i - a +4 short sword (weapon)
Missiles
 e - 35 poisoned needles
 f - a throwing net
 u - 3 curare-tipped needles
Armour
 r - the +1 robe "Huarios" (worn) {MR+}
   (You found it on level 5 of the Dungeon)

   It affects your resistance to hostile enchantments.
 x - a +0 cloak of magic resistance (worn)
Jewellery
 m - an amulet of faith (around neck)
 p - a ring of protection from fire (left hand)
Wands
 j - a wand of digging (10/24)
 v - a wand of digging (13/24)
Scrolls
 c - a scroll of identify
 d - 4 scrolls of remove curse
 h - 3 scrolls of amnesia
 k - 2 scrolls of teleportation
 l - 2 scrolls of magic mapping
 n - a scroll of blinking
 q - a scroll of fear
Potions
 o - 2 potions of ambrosia
 t - a potion of haste
Books
 s - a book of Minor Magic

   Spells                             Type                      Level
   a - Magic Dart                     Conjuration                  1
   b - Blink                          Translocation                2
   c - Call Imp                       Summoning                    2
   d - Repel Missiles                 Charms/Air                   2
   e - Slow                           Hexes                        2
   f - Conjure Flame                  Conjuration/Fire             3
   g - Mephitic Cloud                 Conjuration/Poison/Air       3
Comestibles
 g - 9 bread rations
 w - a fruit


   Skills:
 + Level 4.1 Fighting
 + Level 5.3 Short Blades
 + Level 4.9 Throwing
 + Level 6.8 Dodging
 + Level 14.9 Stealth


You had 6 spell levels left.
You knew the following spells:

 Your Spells              Type           Power        Failure   Level  Hunger
a - Blink                 Tloc           N/A          47%         2    ###....


Dungeon Overview and Level Annotations

Branches:
Dungeon (8/15)             Temple (1/1) D:5
   Lair: D:8-11

Altars:
Ashenzari
Cheibriados
Dithmenos
Elyvilon
Fedhas
Gozag
Hepliaklqana
Kikubaaqudgha
Makhleb
Nemelex Xobeh
Okawaru
Qazlal
Sif Muna
Trog
Uskayaw
Vehumet
Xom
Yredelemnul
Zin
The Shining One

Annotations:
D:5 Nuatha's ghost, novice SpAK
D:6 Grinder


Innate Abilities, Weirdness & Mutations

You are very small and have problems with some larger weapons.
You are too small for most types of armour.
You have supernaturally acute eyesight. (SInv)
You are a herbivore.
You cover ground extremely quickly.
You need consume almost no food.


Message History

You can't do that while held in a net.
You can't do that while held in a net.
You can't do that while held in a net.
You can't do that while held in a net.
You can't do that while held in a net.
You struggle against the net.
The gnoll barely misses you. The gnoll hits you but does no damage.
The gnoll sergeant hits you from afar with a spear of venom.
You are poisoned.
The killer bee barely misses you.
You are confused.
You feel invigorated.
You feel sick. The killer bee closely misses you. The killer bee stings you. x2
You are more poisoned.
The killer bee poisons you!
The gnoll hits you but does no damage. x2
The gnoll completely misses you.
The gnoll sergeant hits you from afar with a spear of venom!
* * * LOW HITPOINT WARNING * * *
The killer bee misses you. The killer bee stings you!
You die...

.. #. ##.
..###### #
#....#.#.##
.####..........
....!..ggg.#..#
.......@ygg....
.....!yyy.....#
..........##.##
......#...#
....#.....#
#####...... .
......
##.......


You could see a gnoll sergeant, 4 killer bees and 4 gnolls.

Vanquished Creatures
  Joseph (D:7)
  A gargoyle (D:6)
  A hippogriff (D:7)
  Sigmund (D:4)
  A vampire (D:6)
  An orc warrior (D:7)
  A sky beast (D:5)
  4 ogres
  A phantom (D:5)
  A centaur (D:6)
  4 bullfrogs
  A scorpion (D:7)
  A howler monkey (D:3)
  A crimson imp (D:7)
  A bullfrog zombie (D:5)
  A centaur zombie (D:6)
  A hound (D:3)
  2 jellies (D:6)
  Crazy Yiuf (D:7)
  4 orc wizards
  4 orc priests
  Ijyb (D:2)
  3 worker ants
  2 hound zombies
  Robin (D:2)
  7 gnolls
  A howler monkey skeleton (D:5)
  2 adders
  An ooze (D:4)
  An adder skeleton (D:6)
  A worm (D:2)
  3 dart slugs
  5 leopard geckos
  21 orcs
  2 ball pythons
  2 giant cockroaches (D:3)
  6 hobgoblins
  5 jackals
  2 quokkas
  9 bats
  6 frilled lizards
  17 goblins
  5 kobolds
  2 leopard gecko skeletons (D:5)
  2 quokka skeletons
  5 rats
146 creatures vanquished.

Notes
Turn   | Place    | Note
-------+----------+-------------------------------------------
     0 | D:1      | Dekamerus the Spriggan Assassin began the quest for the Orb.
     0 | D:1      | Reached XP level 1. HP: 10/10 MP: 2/2
    53 | D:1      | Reached skill level 6 in Stealth
   416 | D:1      | Reached XP level 2. HP: 4/14 MP: 3/3
   783 | D:1      | Reached skill level 7 in Stealth
  1105 | D:1      | Reached XP level 3. HP: 18/18 MP: 4/4
  1665 | D:2      | Found a deep blue altar of Sif Muna.
  1920 | D:2      | Found a hazy altar of Hepliaklqana.
  1976 | D:2      | Noticed Ijyb
  1980 | D:2      | Killed Ijyb
  1980 | D:2      | Reached skill level 8 in Stealth
  2036 | D:2      | Noticed Robin
  2050 | D:2      | Reached XP level 4. HP: 22/22 MP: 5/5
  2081 | D:2      | Gained mutation: Your mind is acute. (Int +2) [potion of mutation]
  2081 | D:2      | Gained mutation: Your spells are a little easier to cast, but a little less powerful. [potion of mutation]
  2081 | D:2      | Gained mutation: You occasionally shout uncontrollably at your foes. [potion of mutation]
  2095 | D:2      | Killed Robin
  2426 | D:2      | Reached skill level 9 in Stealth
  3885 | D:3      | Reached XP level 5. HP: 25/25 MP: 6/6
  4002 | D:4      | Noticed Sigmund
  4012 | D:4      | Killed Sigmund
  4012 | D:4      | Reached skill level 11 in Stealth
  4012 | D:4      | Reached XP level 6. HP: 30/30 MP: 7/7
  4397 | D:4      | Reached skill level 12 in Stealth
  4701 | D:3      | Reached XP level 7. HP: 24/33 MP: 8/8
  5204 | D:4      | Reached skill level 13 in Stealth
  5554 | D:4      | Found a blossoming altar of Fedhas.
  5654 | D:5      | Entered Level 5 of the Dungeon
  5841 | D:5      | Got an ichor-stained robe
  5852 | D:5      | Identified the +1 robe "Huarios" {MR+} (You found it on level 5 of the Dungeon)
  5896 | D:5      | Found a staircase to the Ecumenical Temple.
  5909 | Temple   | Entered the Ecumenical Temple
  6120 | Temple   | Became a worshipper of Warmaster Okawaru
  6451 | D:5      | Noticed Nuatha's ghost (novice SpAK)
  7023 | D:6      | Reached XP level 8. HP: 39/39 MP: 9/9
  7860 | D:5      | Reached * piety under Okawaru
  8007 | D:6      | Reached skill level 14 in Stealth
  8325 | D:6      | Noticed a gargoyle
  8330 | D:6      | Killed a gargoyle
  8330 | D:6      | Reached skill level 5 in Dodging
  8359 | D:6      | Found a shadowy altar of Dithmenos.
  8387 | D:6      | Reached ** piety under Okawaru
  8908 | D:6      | Found a hide-covered altar of Uskayaw.
  9002 | D:6      | Reached XP level 9. HP: 44/44 MP: 10/10
  9263 | D:6      | Noticed Grinder
  9264 | D:6      | Lost mutation: You occasionally shout uncontrollably at your foes. [potion of cure mutation]
  9264 | D:6      | Lost mutation: Your mind is acute. (Int +2) [potion of cure mutation]
  9264 | D:6      | Lost mutation: Your spells are a little easier to cast, but a little less powerful. [potion of cure mutation]
  9354 | D:7      | Found a bloodstained altar of Trog.
  9388 | D:7      | Learned a level 2 spell: Blink
 10006 | D:7      | Found a runed door.
 10010 | D:7      | Noticed Crazy Yiuf
 10014 | D:7      | Killed Crazy Yiuf
 10067 | D:7      | Noticed Joseph
 10074 | D:7      | Killed Joseph
 10074 | D:7      | Reached *** piety under Okawaru
 10074 | D:7      | Reached skill level 5 in Short Blades
 10501 | D:8      | Slain by a killer bee

Vault maps used:
D:1:      dpeg_arrival_stone_temple_mockup, chequers_big_river
D:2:      lemuel_doored_altar, led_sif_pool, serial_glass, glass_columns_c,
          glass_columns_a, uniq_robin, uniq_iyjb
D:3:      first_bread, serial_curves, eino_curves_01, eino_curves_02,
          eino_curves_04, hangedman_decor_lopped
D:4:      marbit_many_paths, uniq_sigmund
D:6:      lemuel_round_altar, nicolae_dithmenos_shadow_blocks, uniq_grinder
D:7:      overflow_temple_1_default, minmay_misc_feat_pillars,
          bh_walls_and_bars, uniq_joseph, uniq_crazy_yiuf_cottage
D:8:      nicolae_ru_path_of_blood, minmay_lair_entry_grove, basic_altar,
          grunt_pizzeria
Temple:   eino_temple_water

Skill      XL: |  1  2  3  4  5  6  7  8  9 |
---------------+----------------------------+-----
Stealth        | 6 7 8 9 11 12 13 14 | 14.9
Dodging        | 2 5 6 |  6.8
Fighting       | 2 3 4 |  4.1
Short Blades   | 4 5 |  5.3
Throwing       | 4 |  4.9

Action                   |  1- 3 |  4- 6 |  7- 9 || total
-------------------------+-------+-------+-------++-------
Melee: Dagger            |    96 |   115 |   371 ||   582
       Short sword       |       |       |    11 ||    11
 Fire: Blowgun           |    15 |    36 |    89 ||   140
Throw: Throwing net      |       |       |     6 ||     6
  Use: Scroll            |       |    13 |     6 ||    19
       Potion            |       |     6 |     7 ||    13
 Stab: Sleeping          |    14 |    10 |    21 ||    45
       Distracted        |       |     2 |     2 ||     4
  Eat: Royal jelly       |       |     2 |       ||     2
       Fruit             |       |       |     5 ||     5
       Pizza             |       |       |     1 ||     1
Armor: Robe              |    13 |    15 |    42 ||    70
       Skin              |       |       |    34 ||    34
Dodge: Dodged            |    72 |   103 |   286 ||   461
